 Dungeon Crawl Stone Soup version 0.20.1-1-g8b1a95d66d (webtiles) character file.

623 Popi the Slasher (level 7, -3/48 HPs)
             Began as a Human Fighter on Dec 18, 2017.
             Was a Follower of Jiyva.
             Slain by a gnoll sergeant
             ... wielding a +4 spear of pain
              (8 damage)
             ... on level 5 of the Dungeon.
             The game lasted 00:12:19 (4520 turns).

Popi the Slasher (Human Fighter)                    Turns: 4520, Time: 00:12:20

Health: -3/48      AC: 10    Str: 24    XL:     7   Next: 75%
Magic:  7/7        EV: 11    Int:  8    God:    Jiyva [*.....]
Gold:   194        SH:  0    Dex: 12    Spells: 6/6 levels left

rFire    . . .     SeeInvis .   a - +0 long sword
rCold    + . .     Gourm    .   (no shield)
rNeg     . . .     Faith    .   b - +0 scale mail
rPois    .         Spirit   .   d - +0 helmet "Doesmapp" {MR+ Regen+}
rElec    .         Reflect  .   n - +0 cloak
rCorr    .         Harm     .   (no gloves)
MR       ++...     Clarity  +   u - +0 pair of boots
Stlth    ..........             (no amulet)
Regen    0.6/turn               q - ring of protection from cold
MPRegen  0.1/turn               (no ring)

@: mighty, drained
A: clarity, frail 1, magic resistance 1
a: Request Jelly, Renounce Religion


You were on level 5 of the Dungeon.
You worshipped Jiyva.
Jiyva was aware of your devotion.
You were not hungry.

You visited 2 branches of the dungeon, and saw 6 of its levels.

You collected 194 gold pieces.

Inventory:

Hand Weapons
 a - a +0 long sword (weapon)
Armour
 b - a +0 scale mail (worn)
 c - a +0 shield
 d - the +0 helmet "Doesmapp" (worn) {MR+ Regen+}
   (You found it on level 4 of the Dungeon)

   It affects your resistance to hostile enchantments.
   It increases your rate of regeneration.
 n - a +0 cloak (worn)
 u - a +0 pair of boots (worn)
Jewellery
 q - a ring of protection from cold (left hand)
Scrolls
 e - a scroll of recharging {unknown}
 g - 6 scrolls of identify {unknown}
 h - 2 scrolls of magic mapping {unknown}
 j - a scroll of blinking {unknown}
 k - 3 scrolls of remove curse {unknown}
 p - a scroll of fear {unknown}
 t - 2 scrolls of teleportation {unknown}
 v - 2 scrolls of amnesia {unknown}
Potions
 m - 4 potions of curing
 w - a potion of invisibility
 z - a potion of might
Comestibles
 f - 7 bread rations
 i - 2 royal jellies
 l - a chunk of flesh
 o - 2 fruits
 r - 5 meat rations


   Skills:
 - Level 4.1(3.5) Fighting
 - Level 5.4(4.7) Long Blades
 - Level 5.0(4.3) Armour
 * Level 2.8(2.2) Dodging
 - Level 3.0(2.3) Shields


You had 6 spell levels left.
You didn't know any spells.

Dungeon Overview and Level Annotations

Branches:
Dungeon (5/15)             Temple (1/1) D:4

Altars:
Ashenzari
Cheibriados
Dithmenos
Gozag
Hepliaklqana
Kikubaaqudgha
Nemelex Xobeh
Okawaru
Qazlal
Ru
Sif Muna
Uskayaw
Vehumet
Xom
Jiyva

Annotations:
D:3 Popi's ghost, amateur HuFi
D:4 Popi's ghost, amateur HuFi


Innate Abilities, Weirdness & Mutations

You possess an exceptional clarity of mind.
You are frail. (-10% HP)
You are resistant to hostile enchantments. (MR+)


Message History

* * * LOW HITPOINT WARNING * * *
The gnoll hits you but does no damage.
Your scale mail prevents you from hitting the gnoll sergeant.
The gnoll sergeant is moderately wounded.
The gnoll hits you but does no damage.
The gnoll sergeant hits you but does no damage.
The gnoll closely misses you.
You slice the gnoll sergeant!!
The gnoll sergeant is almost dead.
The gnoll barely misses you.
The gnoll sergeant hits you with a spear of pain!
* * * LOW HITPOINT WARNING * * *
The gnoll closely misses you.
You barely miss the gnoll sergeant.
The gnoll sergeant is almost dead.
The gnoll hits you but does no damage.
The gnoll hits you from afar with a spear.
* * * LOW HITPOINT WARNING * * *
The gnoll sergeant hits you with a spear of pain!
You die...

##..............#
#.....######+###
+.....#.......
#.....#.......
#.....+.>.....
#.....#.......
#.....#.......
#..$....#+#####
....#####@......#
..... #gg.....#
..... #g......#
..... #.......#
... #.......#
#.......#
#.......#
#.......#


You could see a gnoll sergeant and 2 gnolls.

Vanquished Creatures
  Sigmund (D:2)
  An ice beast (D:3)
  Jessica (D:3)
  Terence (D:2)
  Natasha (D:2)
  3 orc wizards
  A worker ant (D:4)
  A hound skeleton (D:5)
  Robin (D:3)
  A gnoll (D:5)
  5 adders
  A shadow imp (D:5)
  An ooze (D:3)
  2 worms
  3 dart slugs
  2 leopard geckos
  13 orcs
  6 bats
  5 giant cockroaches
  10 hobgoblins
  3 jackals (D:3)
  9 kobolds
  3 quokkas
  A ball python (D:1)
  5 frilled lizards
  19 goblins
  A quokka zombie (D:4)
  5 rats (D:1)
106 creatures vanquished.

Vanquished Creatures (others)
  4 jellies (D:4)
  A worker ant (D:4)
  An adder (D:4)
  A quokka (D:4)
7 creatures vanquished.

Grand Total: 113 creatures vanquished

Notes
Turn   | Place    | Note
-------+----------+-------------------------------------------
     0 | D:1      | Popi the Human Fighter began the quest for the Orb.
     0 | D:1      | Reached XP level 1. HP: 18/18 MP: 1/1
   162 | D:1      | Reached XP level 2. HP: 21/24 MP: 2/2
   593 | D:1      | Reached XP level 3. HP: 29/29 MP: 3/3
   884 | D:2      | Found a faded altar of an unknown god.
   929 | D:2      | Reached XP level 4. HP: 30/35 MP: 4/4
   952 | D:2      | Found a sparkling altar of Nemelex Xobeh.
  1062 | D:2      | Noticed Terence
  1071 | D:2      | Killed Terence
  1132 | D:2      | Noticed Sigmund
  1338 | D:2      | Killed Sigmund
  1338 | D:2      | Reached XP level 5. HP: 23/42 MP: 5/5
  1338 | D:2      | Reached XP level 6. HP: 26/48 MP: 6/6
  1696 | D:2      | Reached skill level 5 in Long Blades
  1942 | D:3      | Gained mutation: You are partially covered in yellow scales. (AC +2) [potion of mutation]
  1942 | D:3      | Gained mutation: You are surrounded by a mild repulsion field. (EV +2) [potion of mutation]
  1942 | D:3      | Gained mutation: Your magical capacity is low. (-10% MP) [potion of mutation]
  1942 | D:3      | Gained mutation: Your flesh is cold resistant. (rC+) [potion of mutation]
  1952 | D:3      | Noticed Popi's ghost (amateur HuFi)
  1976 | D:3      | Noticed Jessica
  1984 | D:3      | Killed Jessica
  2249 | D:3      | Noticed Natasha
  2250 | D:3      | Noticed Robin
  2263 | D:2      | Killed Natasha
  2263 | D:2      | Reached XP level 7. HP: 30/53 MP: 6/6
  2482 | D:3      | Killed Robin
  2482 | D:3      | Reached skill level 1 in Dodging
  2804 | D:3      | You fall through a shaft for 2 floors!
  2804 | D:5      | Entered Level 5 of the Dungeon
  2825 | D:5      | Found a hazy altar of Hepliaklqana.
  2920 | D:4      | Noticed Popi's ghost (amateur HuFi)
  3481 | D:4      | Found a shattered altar of Ashenzari.
  3502 | D:4      | Reached skill level 5 in Armour
  3638 | D:4      | Found a staircase to the Ecumenical Temple.
  3647 | Temple   | Entered the Ecumenical Temple
  3737 | Temple   | Became a worshipper of Jiyva Joosoiss the Shapeless
  3756 | Temple   | Lost mutation: You are surrounded by a mild repulsion field. (EV +2) [potion of mutation]
  3756 | Temple   | Lost mutation: Your magical capacity is low. (-10% MP) [potion of mutation]
  3756 | Temple   | Lost mutation: You are partially covered in yellow scales. (AC +2) [potion of mutation]
  3756 | Temple   | Lost mutation: Your flesh is cold resistant. (rC+) [potion of mutation]
  3756 | Temple   | Gained mutation: You are frail. (-10% HP) [potion of mutation]
  3756 | Temple   | Gained mutation: You possess an exceptional clarity of mind. [potion of mutation]
  3756 | Temple   | Gained mutation: You are resistant to hostile enchantments. (MR+) [potion of mutation]
  4037 | D:4      | Got a heavily runed helmet
  4043 | D:4      | Identified the +0 helmet "Doesmapp" {MR+ Regen+} (You found it on level 4 of the Dungeon)
  4057 | D:4      | Reached * piety under Jiyva
  4520 | D:5      | Slain by a gnoll sergeant

Skill      XL: |  1  2  3  4  5  6  7 |
---------------+----------------------+-----
Long Blades    | 4 5 |  5.4
Armour         | 4 5 |  5.0
Dodging        | 2 |  2.8
Fighting       | 4 |  4.1
Shields        | |  3.0

Action                   |  1- 3 |  4- 6 |  7- 9 || total
-------------------------+-------+-------+-------++-------
Melee: Long sword        |   102 |   111 |   202 ||   415
  Use: Potion            |       |     4 |     5 ||     9
  Eat: Chunk             |       |     4 |     8 ||    12
Armor: Scale mail        |    69 |    49 |   128 ||   246
Dodge: Dodged            |    62 |    62 |   171 ||   295
       Rpst.: Long sword |    17 |    10 |    37 ||    64
